 Dungeon Crawl Stone Soup version 0.24.0-123-gd5b16e6ec5 (webtiles) character file.

Game seed: 12458004455661796674, levelgen mode: deterministic

11463 Peloso the Carver (level 11, -5/97 HPs)
             Began as a Minotaur Fighter on Feb 9, 2020.
             Was a High Priest of Okawaru.
             Killed from afar by a lindwurm (27 damage)
             ... with a blast of flame
             ... summoned by Kirke
             ... on level 12 of the Dungeon.
             The game lasted 00:30:11 (10977 turns).

Peloso the Carver (Minotaur Fighter)               Turns: 10977, Time: 00:30:12

Health: -5/97      AC:  0    Str: 22    XL:     11   Next: 49%
Magic:  9/10       EV: 14    Int:  5    God:    Okawaru [*****.]
Gold:   577        SH:  0    Dex: 12    Spells: 10/10 levels left

rFire    . . .     SeeInvis .   (weapon currently unavailable)
rCold    . . .     Gourm    +   (shield currently unavailable)
rNeg     . . .     Faith    .   (armour currently unavailable)
rPois    .         Spirit   .   (helmet currently unavailable)
rElec    .         Reflect  .   (cloak currently unavailable)
rCorr    .         Harm     .   (gloves currently unavailable)
MR       .....                  (boots currently unavailable)
Stlth    +.........             m - amulet of the gourmand
HPRegen  0.26/turn              (ring currently unavailable)
MPRegen  0.12/turn              (ring currently unavailable)

@: about to teleport, pig-form, slowed
A: small, (retaliatory headbutt)
a: Heroism, Finesse, Renounce Religion


You were on level 12 of the Dungeon.
You worshipped Okawaru.
Okawaru was extremely pleased with you.
You were very full.
You were a filthy swine.
You visited 2 branches of the dungeon, and saw 13 of its levels.

You collected 812 gold pieces.
You spent 235 gold pieces at shops.

Inventory:

Hand Weapons
 a - a +6 scimitar (melded)
 b - the +5 dagger of Raef {freeze, Str+2 Int+2}
   (You found it on level 7 of the Dungeon)

   It has been specially enchanted to freeze those struck by it, causing extra
   injury to most foes and up to half again as much damage against particularly
   susceptible opponents.
   It can also slow down cold-blooded creatures.
   It affects your strength (+2).
   It affects your intelligence (+2).
Armour
 c - a +0 shield (melded)
 u - a +2 pair of gloves (melded)
 J - a +0 cloak (melded)
 K - a +2 plate armour of cold resistance (melded)
Jewellery
 k - an uncursed ring of protection from fire
 m - an amulet of the gourmand (around neck)
 o - a +3 ring of intelligence
 r - an uncursed ring of positive energy
 t - a +2 ring of protection (melded)
 y - an uncursed ring of ice
 F - a +3 ring of strength (melded)
 I - an uncursed ring of protection from cold
Wands
 w - a wand of paralysis (10)
 G - a wand of polymorph (6)
 H - a wand of iceblast (8)
 L - a wand of enslavement (12)
 O - a wand of random effects (26)
Scrolls
 h - 5 scrolls of identify
 i - a scroll of fear
 j - 3 scrolls of enchant weapon {unknown}
 l - 7 scrolls of teleportation
 n - 12 scrolls of remove curse
 p - 3 scrolls of magic mapping
 q - 4 scrolls of amnesia {unknown}
 v - 4 scrolls of enchant armour
 x - 2 scrolls of fog
 C - a scroll of silence
 D - 4 scrolls of blinking {unknown}
 N - a scroll of acquirement {unknown}
 P - a scroll of vulnerability {unknown}
Potions
 d - 2 potions of might
 e - 2 potions of cancellation
 g - 4 potions of curing
 s - 2 potions of resistance
 z - a potion of berserk rage
 A - a potion of mutation
 B - a potion of haste
 E - 2 potions of brilliance
 M - 3 potions of heal wounds
Miscellaneous
 Q - a fan of gales
Comestibles
 f - 18 rations


   Skills:
 + Level 9.3 Fighting
 + Level 13.2 Long Blades
 + Level 10.6 Armour
 + Level 2.0 Dodging
 + Level 0.2 Stealth
 + Level 11.4 Shields
 + Level 0.7 Invocations


You had 10 spell levels left.
You didn't know any spells.
Your spell library contained the following spells:

 Spells                   Type           Power        Failure   Level  Hunger
 Ice Form                 Ice/Tmut       #.......     99%         4    #####..
 Metabolic Englaciation   Hex/Ice        #.........   100%        5    ######.
 Bolt of Cold             Conj/Ice       #.........   100%        6    #######
 Freezing Cloud           Conj/Ice/Air   #.........   100%        6    #######
 Ozocubu's Refrigeration  Ice            #.........   100%        6    #######
 Simulacrum               Ice/Necr       #.........   100%        6    #######


Dungeon Overview and Level Annotations

Branches:
Dungeon (12/15)            Temple (1/1) D:6            Lair (0/6) D:10
    Orc (0/2) D:11

Altars:
Ashenzari
Dithmenos
Fedhas
Gozag
Kikubaaqudgha
Makhleb
Nemelex Xobeh
Okawaru
Qazlal
Ru
Sif Muna
Trog
Vehumet
Xom
Yredelemnul
Zin

Shops:
D:4 !   D:8 *   D:9 *   D:11 (

Annotations:
D:12 Kirke


Innate Abilities, Weirdness & Mutations

((You reflexively headbutt those who attack you in melee.))
((You have a pair of horns on your head.))


Message History

Kirke barely misses you.
You hit the lindwurm but do no damage.
The lindwurm is almost dead.
The lindwurm bites you! The lindwurm misses you. The lindwurm claws you.
The death knight offers itself to Yredelemnul, and fills with unholy energy.
Kirke hits you! The lindwurm bites you! The lindwurm barely misses you.
The lindwurm claws you!
You hit the lindwurm but do no damage.
The lindwurm is almost dead.
Kirke mumbles some strange words.
Kirke summons a lindwurm!
The lindwurm bites you! The lindwurm claws you!
* * * LOW HITPOINT WARNING * * *
The lindwurm claws you.
* * * LOW HITPOINT WARNING * * *
As you read the scroll labeled QELUOGOOZE, it crumbles to dust.
You feel strangely unstable.
It was a scroll of teleportation.
You feel like a meek peon again. The lindwurm breathes flames at you.
The blast of flame hits you!!
You die... #..######## #.......... ##.######## ## ...####.. ..# .....##.# yyW

.....##.# #W# ##...##.#
#p# # #(..##.#########.#
.# .#.#.##.........h@#
..#
......'.(.....>kk.#...###
.#.#..#....†...†(.!......
.#.#..#..........####.###
# #..............÷...#
##.########.######## #^.
#.# ... #.# ##.. #.#


You could see Kirke, a death knight, 2 lindwurms, 2 freezing wraiths and a
killer bee.

Vanquished Creatures
  2 two-headed ogres
  A centaur warrior (D:10)
  A queen bee (D:9)
  A troll (D:6)
  A hippogriff (D:10)
  A shadow (D:11)
  A wraith (D:11)
  A wyvern (D:11)
  5 hogs (D:12)
  5 yaks (D:11)
  4 wargs (D:11)
  An acid dragon (D:11)
  A hornet zombie (D:9)
  3 black bears
  An ice beast (D:5)
  A phantom (D:5)
  2 eyes of draining (D:10)
  2 sky beasts
  3 centaurs
  4 ogres
  A crocodile (D:10)
  8 bullfrogs
  A water moccasin zombie (D:6)
  5 scorpions
  25 killer bees
  12 wights
  3 howler monkeys
  5 crimson imps
  3 bullfrog zombies
  4 centaur zombies
  3 quasits
  10 hounds
  3 bullfrog skeletons
  2 orc priests
  Crazy Yiuf (D:7)
  4 jellies
  5 orc wizards
  2 centaur skeletons
  3 iguanas
  Terence (D:2)
  A killer bee zombie (D:5)
  8 worker ants
  2 hound skeletons
  A howler monkey skeleton (D:7)
  12 adders
  4 shadow imps
  An ooze (D:3)
  An adder skeleton (D:4)
  An adder zombie (D:7)
  5 worms
  3 dart slugs
  6 leopard geckos
  17 orcs
  5 giant cockroaches
  8 goblins
  10 hobgoblins
  7 jackals
  5 quokkas
  10 bats
  7 frilled lizards
  7 kobolds
  A quokka zombie (D:7)
  4 rats
268 creatures vanquished.

Notes
Turn   | Place    | Note
-------+----------+-------------------------------------------
     0 | D:1      | Peloso the Minotaur Fighter began the quest for the Orb.
     0 | D:1      | Reached XP level 1. HP: 19/19 MP: 0/0
   257 | D:1      | Reached XP level 2. HP: 27/27 MP: 1/1
   742 | D:2      | Reached XP level 3. HP: 33/33 MP: 2/2
   812 | D:2      | Noticed Terence
   822 | D:2      | Killed Terence
   822 | D:2      | Reached skill level 3 in Long Blades
   933 | D:2      | Reached XP level 4. HP: 34/40 MP: 3/3
  1897 | D:3      | Reached skill level 5 in Shields
  1905 | D:3      | Reached skill level 4 in Long Blades
  2181 | D:3      | Reached XP level 5. HP: 45/46 MP: 4/4
  2400 | D:4      | Noticed an ogre
  2409 | D:4      | Killed an ogre
  2409 | D:4      | Reached XP level 6. HP: 6/53 MP: 5/5
  2415 | D:4      | Reached skill level 5 in Long Blades
  2681 | D:4      | Found Quach's Distillery.
  2684 | D:4      | Bought a potion of berserk rage for 65 gold pieces
  2684 | D:4      | Bought a potion of lignification for 39 gold pieces
  2684 | D:4      | Bought 2 potions of degeneration for 26 gold pieces
  2745 | D:4      | Reached skill level 5 in Armour
  3011 | D:4      | Found an ancient bone altar of Kikubaaqudgha.
  3384 | D:5      | Entered Level 5 of the Dungeon
  3485 | D:5      | Reached XP level 7. HP: 51/60 MP: 6/6
  3653 | D:5      | Reached skill level 6 in Long Blades
  3675 | D:5      | Reached skill level 1 in Dodging
  4354 | D:6      | Reached XP level 8. HP: 55/67 MP: 7/7
  4378 | D:6      | Reached skill level 5 in Fighting
  4398 | D:6      | Noticed a troll
  4399 | D:6      | Reached skill level 7 in Long Blades
  4632 | D:6      | Killed a troll
  5152 | D:6      | Reached skill level 8 in Long Blades
  5154 | D:6      | Found a shadowy altar of Dithmenos.
  5340 | D:6      | Found a staircase to the Ecumenical Temple.
  5374 | Temple   | Entered the Ecumenical Temple
  5445 | Temple   | Became a worshipper of Warmaster Okawaru
  5587 | D:6      | Reached XP level 9. HP: 68/77 MP: 8/8
  6048 | D:7      | You fall into a shaft and drop 1 floor!
  6160 | D:7      | Got a crude dagger
  6161 | D:7      | Identified the +5 dagger of Raef {freeze, Str+2 Int+2} (You
                  | found it on level 7 of the Dungeon)
  6471 | D:7      | Reached skill level 9 in Long Blades
  6797 | D:7      | Found a runed translucent door.
  6798 | D:7      | Noticed Crazy Yiuf
  6807 | D:7      | Killed Crazy Yiuf
  7120 | D:8      | Found Gozag's Platinum Reserve.
  7142 | D:8      | Got a transparent dire flail
  7143 | D:8      | Identified the cursed +2 dire flail of the Nexus {holy,
                  | +Rage rN+ MR-} (You found it on level 8 of the Dungeon)
  7165 | D:8      | Found an opulent altar of Gozag.
  7232 | D:8      | Reached * piety under Okawaru
  7731 | D:9      | Found a basalt altar of Yredelemnul.
  7799 | D:9      | Found Fumenaid's General Store.
  7825 | D:9      | Bought a potion of heal wounds for 75 gold pieces
  7825 | D:9      | Bought a scroll of identify for 30 gold pieces
  8017 | D:9      | Found a bloodstained altar of Trog.
  8122 | D:9      | Reached skill level 10 in Long Blades
  8177 | D:9      | Found a shimmering altar of Xom.
  8233 | D:10     | Entered Level 10 of the Dungeon
  8246 | D:10     | Reached ** piety under Okawaru
  8248 | D:10     | Reached XP level 10. HP: 58/86 MP: 0/9
  8393 | D:10     | Noticed a two-headed ogre
  8410 | D:10     | Killed a two-headed ogre
  8410 | D:10     | Reached skill level 11 in Long Blades
  8410 | D:10     | Reached skill level 10 in Shields
  8446 | D:10     | Noticed a centaur warrior
  8629 | D:10     | Killed a centaur warrior
  8629 | D:10     | Reached *** piety under Okawaru
  8714 | D:10     | Found a staircase to the Lair.
  8778 | D:10     | Reached skill level 12 in Long Blades
  9406 | D:10     | Reached **** piety under Okawaru
  9996 | D:11     | Found Meleeb's Weapon Shop.
 10011 | D:11     | Found a staircase to the Orcish Mines.
 10019 | D:11     | Reached XP level 11. HP: 94/95 MP: 10/10
 10031 | D:11     | Reached skill level 10 in Armour
 10290 | D:11     | Reached ***** piety under Okawaru
 10560 | D:11     | Noticed a two-headed ogre
 10569 | D:11     | Killed a two-headed ogre
 10615 | D:11     | Found a blossoming altar of Fedhas.
 10888 | D:12     | Reached skill level 13 in Long Blades
 10964 | D:12     | Noticed Kirke
 10969 | D:12     | Noticed a lindwurm
 10969 | D:12     | Noticed a death knight
 10977 | D:12     | Noticed a lindwurm
 10977 | D:12     | Killed from afar by a lindwurm

Levels and vault maps discovered:
D:1:      elethiomel_arrival_quiet, layout_basic, minmay_unequal
D:2:      layout_basic, uniq_terence
D:3:      layout_rooms
D:4:      layout_loops_ring, lemuel_crystal_altar, serial_shops,
          nicolae_shop_behind_doors
D:5:      layout_cave_pods, first_ration, minivault_14, kennysheep_small_square
D:6:      cheibrodos_fzero, layout_basic, grunt_dithmenos_smoke,
          minmay_temple_entry_overgrown
D:7:      layout_loops_corners, uniq_crazy_yiuf_cottage
D:8:      layout_loops_ring, nicolae_gozag_zags_fifth_avenue
D:9:      layout_cave_pools, tgw_xom, basic_altar, serial_shops,
          nicolae_shop_waterfront, trog_hazing_becter
D:10:     layout_roguey, lair_entry_dummy, david_nohive_1,
          lightli_fourway_metalbox
D:11:     layout_loops_ring, minmay_orc_entry_guard_dogs, serial_shops,
          nicolae_shop_behind_doors, fedhas_altar_2
D:12:     layout_basic, roderic_lattice_a, uniq_kirke
Temple:   dpeg_five_rooms_temple

Skill      XL: |  1  2  3  4  5  6  7  8  9 10 11 |
---------------+----------------------------------+-----
Shields        | 4 5 6 7 8 9 10 11 | 11.4
Fighting       | 4 6 7 8 9 |  9.3
Long Blades    | 3 4 5 6 8 10 12 13 | 13.2
Armour         | 4 5 6 7 9 10 | 10.6
Dodging        | 1 2 |  2.0
Stealth        | |  0.2
Invocations    | |  0.7

Action                   |  1- 3 |  4- 6 |  7- 9 | 10-12 || total
-------------------------+-------+-------+-------+-------++-------
Melee: Long sword        |    88 |   155 |   240 |       ||   483
       Headbutt          |    12 |    30 |    84 |    63 ||   189
       Scimitar          |       |       |   190 |   282 ||   472
       Unarmed           |       |       |       |     3 ||     3
Invok: Heroism           |       |       |       |     2 ||     2
  Use: Potion            |     3 |     1 |     2 |       ||     6
       Scroll            |     1 |       |    11 |     1 ||    13
  Eat: Chunk             |       |    11 |    13 |    17 ||    41
Armor: Scale mail        |    41 |       |       |       ||    41
       Chain mail        |    13 |    15 |       |       ||    28
       Plate armour      |       |    97 |   307 |   183 ||   587
Dodge: Dodged            |    30 |    34 |   103 |    87 ||   254
Block: Shield            |    76 |    85 |   292 |   187 ||   640
       Rpst.: Long sword |     7 |    10 |    13 |       ||    30
       Scimitar          |       |       |    13 |    29 ||    42
